 Dungeon Crawl Stone Soup version 0.27-a0-1184-ge86db4a01e (webtiles) character file.

Game seed: 16347492120581892240

116 chippings the Cudgeller (level 4, -9/35 HPs)
             Began as a Mummy Gladiator on May 18, 2021.
             Mangled by Terence
             ... wielding a +0 mace
              (13 damage)
             ... on level 3 of the Dungeon.
             The game lasted 00:02:51 (2564 turns).

chippings the Cudgeller (Mummy Gladiator)           Turns: 2564, Time: 00:02:51

Health: -9/35      AC:  7    Str: 24    XL:     4   Next: 70%
Magic:  4/4        EV: 10    Int:  7    God:
Gold:   70         SH:  0    Dex: 13    Spells: 3/3 levels left

rFire    x . .     SeeInvis +   k - +3 hand axe (vorpal)
rCold    + . .     Faith    .   (no shield)
rNeg     + + +     Spirit   .   a - +0 scale mail
rPois    ∞         Reflect  .   c - +0 helmet
rElec    .         Harm     .   (no cloak)
rCorr    .         Rampage  .   (no gloves)
Will     .....                  (no boots)
Stlth    ..........             (no amulet)
HPRegen  0.11/turn              e - ring of see invisible
MPRegen  0.09/turn              b - +6 ring of strength

@: no status effects
A: cold resistance 1, negative energy resistance 3, torment resistance 2, heat
vulnerability 1, no potions
a: no special abilities


You were on level 3 of the Dungeon.
You visited 1 branch of the dungeon, and saw 3 of its levels.

You collected 70 gold pieces.

Inventory:

Hand Weapons
 k - a +3 vorpal hand axe (weapon)
Missiles
 d - 4 throwing nets (quivered)
 h - 13 poisoned darts
Armour
 a - a +0 scale mail (worn)
 c - a +0 helmet (worn)
Jewellery
 b - a +6 ring of strength (right hand)
 e - a ring of see invisible (left hand)
Wands
 i - a wand of digging (6)
Scrolls
 f - a scroll of amnesia {unknown}
 g - 2 scrolls of enchant weapon {unknown}
 j - a scroll of noise {unknown}


   Skills:
 + Level 3.2 Fighting
 * Level 1.1(2.6) Axes
 - Level 3.6(3.8) Maces & Flails
 - Level 1.5 Throwing
 - Level 2.4 Dodging


You had 3 spell levels left.
You didn't know any spells.
Your spell library was empty.

Dungeon Overview and Level Annotations

Branches:
Dungeon (3/15)

Altars:
Dithmenos

Annotations:
D:3 Terence


Innate Abilities, Weirdness & Mutations

You are immune to poison.
Your flesh is cold resistant. (rC+)
You are immune to negative energy. (rN+++)
You are immune to unholy pain and torment.
You are vulnerable to heat. (rF-)
You do not drink.


Message History

You start resting.
HP restored.
You climb downwards.
Level annotation: Terence The quokka barely misses you.
Terence drinks a potion.
Terence seems to grow stronger.
The quokka bites you but does no damage.
There is a stone staircase leading up here.
You closely miss Terence. You hit the quokka but do no damage.
You barely miss the goblin. Terence closely misses you.
The quokka closely misses you. The goblin hits you but does no damage.
Terence closely misses you.
You slash Terence!
Terence is heavily wounded.
You hit the goblin. You hit the quokka. The quokka bites you.
The goblin hits you but does no damage. The quokka misses you.
Terence hits you with a +0 mace.
You barely miss Terence.
Terence is heavily wounded.
You slash the quokka!
You kill the quokka!
You closely miss the goblin. The goblin misses you.
Terence hits you but does no damage.
You hit Terence but do no damage.
Terence is heavily wounded.
You closely miss the goblin. The goblin closely misses you.
Terence hits you with a +0 mace! The goblin hits you but does no damage.
You closely miss Terence.
Terence is heavily wounded.
You hit the goblin.
You kill the goblin!
Terence hits you with a +0 mace!
You hit Terence.
Terence is almost dead.
Terence hits you with a +0 mace!
* * * LOW HITPOINT WARNING * * *
You hit Terence but do no damage.
Terence is almost dead.
Terence closely misses you. Terence hits you with a +0 mace!
You die...

.. .. . ... #.
.... .##....
#######.#.....
##..@..#.......
#>.@.).........
#....#.....!...
#...####.........
#### #..........
#...........
#...........
##..........
##.........


You could see Terence (strong).

Vanquished Creatures
  Jessica (D:2)
  3 adders (D:2)
  A worm (D:1)
  6 ball pythons
  5 endoplasms
  5 goblins
  3 hobgoblins
  11 jackals
  4 kobolds
  2 quokkas
  3 bats
  3 frilled lizards
  9 rats
56 creatures vanquished.

Notes
Turn   | Place    | Note
-------+----------+-------------------------------------------
     0 | D:1      | chippings the Mummy Gladiator began the quest for the Orb.
     0 | D:1      | Reached XP level 1. HP: 16/16 MP: 1/1
   112 | D:1      | Reached XP level 2. HP: 16/22 MP: 2/2
   196 | D:1      | Found a faded altar of an unknown god.
   740 | D:1      | Reached XP level 3. HP: 19/28 MP: 3/3
  1804 | D:2      | Reached XP level 4. HP: 29/34 MP: 4/4
  1985 | D:2      | Found a shadowy altar of Dithmenos.
  2206 | D:2      | Noticed Jessica
  2216 | D:2      | Killed Jessica
  2217 | D:2      | Reached skill level 1 in Axes
  2525 | D:3      | Noticed Terence
  2564 | D:3      | Mangled by Terence

Illustrated notes

Levels and vault maps discovered:
D:1:      dpeg_arrival_court, layout_rooms, ebering_ecumenical_altar_abandoned,
          hangedman_glass_teeth
D:2:      layout_loops_ring, basic_altar, uniq_jessica
D:3:      layout_basic, lemuel_tele_altar, uniq_terence

Skill      XL: |  1  2  3  4 |
---------------+-------------+-----
Maces & Flails | 3 |  3.6
Fighting       | 3 |  3.2
Axes           | 1 |  1.1
Throwing       | |  1.5
Dodging        | |  2.4

Action                   |  1- 3 |  4- 6 || total
-------------------------+-------+-------++-------
Melee: Flail             |   135 |    16 ||   151
       Hand axe          |       |    29 ||    29
Armor: Leather armour    |    38 |     4 ||    42
       Scale mail        |       |    14 ||    14
Dodge: Dodged            |   104 |    35 ||   139

Table legend: (Time is in decaauts)
 A = Elapsed time spent in this place.
 B = Non-inter-level travel time spent in this place.
 C = Inter-level travel time spent in this place.
 D = Time resting spent in this place.
 E = Time spent auto-exploring this place.
 F = Levels seen in this place.
 G = Mean time per level.
                   A        B        C        D        E       F      G
               +--------+--------+--------+--------+--------+-----+--------+
         Total |   2605 |   2537 |     68 |    112 |   1818 |   3 |  868.3 |
       Dungeon |   2605 |   2537 |     68 |    112 |   1818 |   3 |  868.3 |
               +--------+--------+--------+--------+--------+-----+--------+

Top non-repeatable levels by time:
     D:1: 1551 daAuts
     D:2: 1030 daAuts
     D:3: 23 daAuts
